 Dungeon Crawl Stone Soup version 0.28-a0-872-g80cf8599ee (webtiles) character file.

Game seed: 6437351294259744987

351 orbtoucher the Stinger (level 6, -2/39 HPs)
             Began as an Octopode Venom Mage on Nov 21, 2021.
             Slain by an iguana (4 damage)
             ... on level 5 of the Dungeon.
             The game lasted 00:25:59 (6625 turns).

orbtoucher the Stinger (Octopode Venom Mage)        Turns: 6625, Time: 00:25:59

Health: -2/39      AC:  2    Str:  8    XL:     6   Next: 61%
Magic:  9/9        EV:  9    Int: 19    God:
Gold:   223        SH: 12    Dex: 12    Spells: 3/9 levels left

rFire   . . .      SeeInvis .   a - +2 dagger (drain)
rCold   . . .      Faith    .   g - +0 tower shield
rNeg    . . .      Spirit   .   j - +1 hat
rPois   .          Reflect  .   (no amulet)
rElec   .          Harm     .   (no ring)
rCorr   .          Rampage  .   (no ring)
Will    .....                   (no ring)
Stlth   +++.......              (no ring)
HPRegen 0.13/turn               (no ring)
MPRegen 0.11/turn               (no ring)
                                (no ring)
                                (no ring)

@: no status effects
A: almost no armour, amphibious, 8 rings, camouflage 1, gelatinous body 1,
(nimble swimmer 1), tentacles
a: no special abilities


You were on level 5 of the Dungeon.
You visited 1 branch of the dungeon, and saw 5 of its levels.

You collected 223 gold pieces.

Inventory:

Hand Weapons
 a - a +2 dagger of draining (weapon)
 w - a +0 spear
Missiles
 b - a throwing net
 e - 6 boomerangs
 f - 73 stones
 h - 6 poisoned darts (quivered)
Armour
 g - a +0 tower shield (worn)
 j - a +1 hat (worn)
Jewellery
 c - a ring of ice
Scrolls
 d - a scroll of fear
 i - a scroll of fog
Potions
 k - a potion of flight
 l - a potion of ambrosia
 m - a potion of attraction
 n - a potion of magic
 o - a potion of curing {unknown}


   Skills:
 + Level 2.3 Fighting
 - Level 2.2 Dodging
 + Level 4.1 Stealth
 * Level 3.3 Shields
 - Level 2.2 Spellcasting
 - Level 1.0 Transmutations
 * Level 5.8 Poison Magic


You had 3 spell levels left.
You knew the following spells:

 Your Spells              Type           Power      Damage    Failure   Level
a - Sting                 Tmut/Pois      60%        1d6       56%         1
c - Mephitic Cloud        Conj/Pois/Air  9%         N/A       98%         3
v - Poisonous Vapours     Pois/Air       26%        N/A       77%         2

Your spell library contained the following spells:

 Spells                   Type           Power      Damage    Failure   Level
 Animate Skeleton         Necr           4%         N/A       95%         1
 Pain                     Necr           8%         1d4       95%         1
 Vampiric Draining        Necr           2%         2d6       100%        3
 Olgreb's Toxic Radiance  Pois           24%        N/A       94%         4


Dungeon Overview and Level Annotations

Branches:
Dungeon (5/15)
 Temple: D:4-7

Altars:
Beogh

Annotations:
D:3 Jessica
D:4 Edmund


Innate Abilities, Weirdness & Mutations

You cannot wear most types of armour.
You are amphibious.
You can wear up to eight rings at the same time.
Your skin changes colour to match your surroundings (Stealth+).
Your rubbery body absorbs attacks. (AC +1, EV +1)
((You are camouflaged near water. (Stealth+)))
You have tentacles for arms and can constrict up to eight enemies at once.


Message History

Throw: 9 darts (poison)
Press: ? - help, Q - select action, (/) - cycle Shift-Dir - straight line, f/p - iguana
Aim: an iguana (lightly wounded, poisoned, 61% to hit)
You throw a poisoned dart. The poisoned dart hits the iguana.
The iguana is lightly wounded.
Throw: 8 darts (poison)
Press: ? - help, Q - select action, (/) - cycle Shift-Dir - straight line, f/p - iguana
Aim: an iguana (lightly wounded, poisoned, 60% to hit)
You throw a poisoned dart.
The poisoned dart closely misses the iguana.
Throw: 7 darts (poison)
Press: ? - help, Q - select action, (/) - cycle Shift-Dir - straight line, f/p - iguana
Aim: an iguana (lightly wounded, poisoned, 61% to hit)
You throw a poisoned dart. The poisoned dart hits the iguana.
The iguana is lightly wounded.
You block the iguana's attack.
You hit the iguana but do no damage. Your grab misses the iguana.
You squeeze the iguana, but do no damage.
The iguana is moderately wounded.
The iguana looks more healthy.
The iguana closely misses you. You block the iguana's attack.
You closely miss the iguana. You grab the iguana.
The iguana is heavily wounded.
You constrict the iguana, but do no damage.
The iguana bites you.
You completely miss the iguana.
The iguana is heavily wounded.
You constrict the iguana, but do no damage.
The iguana bites you! x2
* * * LOW HITPOINT WARNING * * *
You hit the iguana.
The iguana is heavily wounded.
You constrict the iguana, but do no damage.
The iguana bites you!
* * * LOW HITPOINT WARNING * * *
You hit the iguana but do no damage.
You squeeze the iguana, but do no damage.
The iguana is heavily wounded.
You constrict the iguana. The iguana bites you.
You die...

#.### #
#.#8###8###⌠###8
#..........(...
#..............
#.............
#.#8###8##...#
#.########.(.##
#.#.....#8.l.8#
#.#..# #.@.#
#....# #...#
###..#####.†.##
#....##8...8#
#.>#..##...##
##.#.......#
#...#######
#####


You could see an iguana.

Vanquished Creatures
  A howler monkey (D:4)
  An orc priest (D:4)
  Natasha (thrice) (D:2)
  2 iguanas
  A hound skeleton (D:4)
  A gnoll (D:1)
  5 adders
  2 worms
  3 dart slugs
  3 orcs
  3 bats
  7 endoplasms
  4 giant cockroaches
  7 hobgoblins
  6 jackals
  5 quokkas
  9 ball pythons
  6 frilled lizards
  3 goblins
  3 kobolds
  5 rats
80 creatures vanquished.

Notes
Turn   | Place    | Note
-------+----------+-------------------------------------------
     0 | D:1      | orbtoucher the Octopode Venom Mage began the quest for the
                  | Orb.
     0 | D:1      | Reached XP level 1. HP: 11/11 MP: 3/3
   582 | D:1      | Reached XP level 2. HP: 11/17 MP: 3/5
   832 | D:1      | Learned a level 2 spell: Poisonous Vapours
   847 | D:1      | Reached skill level 4 in Poison Magic
  1298 | D:1      | Reached XP level 3. HP: 22/22 MP: 3/6
  1415 | D:1      | Found a faded altar of an unknown god.
  1663 | D:2      | Learned a level 3 spell: Mephitic Cloud
  1807 | D:2      | Reached skill level 1 in Fighting
  2635 | D:2      | Reached skill level 1 in Shields
  2669 | D:2      | Reached XP level 4. HP: 28/28 MP: 7/7
  2754 | D:2      | Noticed Natasha
  2770 | D:2      | Killed Natasha
  3287 | D:2      | Noticed Natasha
  3298 | D:2      | Killed Natasha
  3299 | D:2      | Reached skill level 5 in Poison Magic
  3299 | D:2      | Reached XP level 5. HP: 27/34 MP: 8/8
  3818 | D:2      | Noticed Natasha
  3827 | D:2      | Killed Natasha
  4966 | D:3      | Noticed Jessica
  5766 | D:4      | Noticed Edmund
  5955 | D:4      | Reached XP level 6. HP: 34/39 MP: 9/9
  6381 | D:5      | Entered Level 5 of the Dungeon
  6624 | D:5      | HP: 1/39 [iguana (10)]
  6625 | D:5      | Slain by an iguana

Illustrated notes

Levels and vault maps discovered:
D:1:      shiori_shiawase, layout_loops_ring,
          hellmonk_ecumenical_altar_defaced_shrine
D:2:      layout_loops_corners, uniq_natasha
D:3:      kb_forest_paths, layout_basic, chequers_serial_rivers_micro_e,
          minmay_surrounded, uniq_jessica, uniq_crazy_yiuf_cottage
D:4:      layout_basic, gammafunk_ghost_necromancy, uniq_edmund
D:5:      layout_basic, portal_sewer_entry_b, serial_corexii_hall,
          corexii_hall_statues_t, chequers_hall_statues_corner_a

Skill      XL: |  1  2  3  4  5  6 |
---------------+-------------------+-----
Stealth        | 3 4 |  4.1
Poison Magic   | 4 5 |  5.8
Fighting       | 1 2 |  2.3
Shields        | 1 2 3 |  3.3
Dodging        | |  2.2
Spellcasting   | |  2.2
Transmutations | |  1.0

Action                   |  1- 3 |  4- 6 || total
-------------------------+-------+-------++-------
Melee: Spear             |    67 |    86 ||   153
       Constrict         |    11 |    25 ||    36
       Tentacles         |     9 |    20 ||    29
       Dagger            |     1 |    46 ||    47
Throw: Boomerang         |     5 |     8 ||    13
       Dart              |       |     4 ||     4
 Cast: Sting             |    11 |       ||    11
       Poisonous Vapours |    11 |     3 ||    14
  Use: Scroll            |     2 |     7 ||     9
 Stab: Sleeping          |     5 |    12 ||    17
       Distracted        |       |     1 ||     1
Armor: Skin              |     6 |     9 ||    15
Dodge: Dodged            |    22 |    29 ||    51
Block: Tower shield      |    23 |    59 ||    82

Table legend: (Time is in decaauts)
 A = Elapsed time spent in this place.
 B = Non-inter-level travel time spent in this place.
 C = Inter-level travel time spent in this place.
 D = Time resting spent in this place.
 E = Time spent auto-exploring this place.
 F = Levels seen in this place.
 G = Mean time per level.
                   A        B        C        D        E       F      G
               +--------+--------+--------+--------+--------+-----+--------+
         Total |   6735 |   6609 |    126 |   2941 |   2010 |   5 | 1347.0 |
       Dungeon |   6735 |   6609 |    126 |   2941 |   2010 |   5 | 1347.0 |
               +--------+--------+--------+--------+--------+-----+--------+

Top non-repeatable levels by time:
     D:2: 2245 daAuts
     D:1: 1854 daAuts
     D:3: 1563 daAuts
     D:4: 824 daAuts
     D:5: 247 daAuts
